 Dungeon Crawl Stone Soup version 0.20.1-1-g8b1a95d (webtiles) character file.

92 torrenera the Firebug (level 4, -2/33 HPs)
             Began as a Demigod Fire Elementalist on Aug 21, 2017.
             Slain by Sigmund
             ... wielding a +1 scythe of protection
              (6 damage)
             ... on level 2 of the Dungeon.
             The game lasted 00:04:07 (1826 turns).

torrenera the Firebug (Demigod Fire Elementalist)   Turns: 1826, Time: 00:04:08

Health: -2/33      AC:  4    Str:  9 (11) XL:     4   Next: 13%
Magic:  4/10       EV: 12    Int: 19 (21) God:
Gold:   58         SH:  0    Dex: 15 (16) Spells: 7/8 levels left

rFire    . . .     SeeInvis .   h - +0 hunting sling
rCold    . . .     Gourm    .   (no shield)
rNeg     . . .     Faith    .   a - +0 robe
rPois    .         Spirit   .   (no helmet)
rElec    .         Reflect  .   (no cloak)
rCorr    .         Harm     .   (no gloves)
MR       .....     Rnd*Tele +   (no boots)
Stlth    ++........             (no amulet)
Regen    0.2/turn               n - ring of flight
MPRegen  0.2/turn               (no ring)

@: very slightly contaminated
A: iridescent scales 1, high mp 1, teleportitis 1
a: Evoke Flight


You were on level 2 of the Dungeon.
You were not hungry.

You visited 1 branch of the dungeon, and saw 2 of its levels.

You collected 58 gold pieces.

Inventory:

Hand Weapons
 f - a +0 short sword
 h - a +0 hunting sling (weapon)
Missiles
 e - 29 sling bullets (quivered)
 j - 7 poisoned needles
 l - 52 arrows
 o - 60 stones
Armour
 a - a +0 robe (worn)
 g - a +0 chain mail
Jewellery
 n - a ring of flight (left hand)
Wands
 m - a wand of acid (9/15)
Scrolls
 d - a scroll of teleportation {unknown}
 k - a scroll of immolation {unknown}
 p - 2 scrolls of identify {unknown}
Potions
 r - a potion of magic {unknown}
Books
 b - a book of Flames

   Spells                             Type                      Level
   a - Flame Tongue                   Conjuration/Fire             1
   b - Throw Flame                    Conjuration/Fire             2
   c - Conjure Flame                  Conjuration/Fire             3
   d - Inner Flame                    Hexes/Fire                   3
   e - Sticky Flame                   Conjuration/Fire             4
   f - Fireball                       Conjuration/Fire             5
Comestibles
 c - 3 bread rations
 i - a royal jelly
 q - a meat ration


   Skills:
 - Level 1.7 Dodging
 - Level 1.7 Stealth
 + Level 2.7 Spellcasting
 - Level 0.8 Conjurations
 + Level 4.1 Fire Magic


You had 7 spell levels left.
You knew the following spells:

 Your Spells              Type           Power        Failure   Level  Hunger
a - Flame Tongue          Conj/Fire      ##...        5%          1    None


Dungeon Overview and Level Annotations

Branches:
Dungeon (2/15)

Annotations:
D:2 Sigmund


Innate Abilities, Weirdness & Mutations

You have an increased reservoir of magic. (+10% MP)
You are partially covered in iridescent scales. (AC +2)
You are occasionally teleported next to monsters.


Message History

Press: ? - help, Shift-Dir - straight line, f/p - Sigmund
Aim: Sigmund, wielding a scythe of protection and wearing a robe (heavily wounded, fast)
The flame tongue hits Sigmund.
Sigmund appears unharmed.
Sigmund is heavily wounded.
Sigmund hits you from afar with a scythe of protection.
* * * LOW HITPOINT WARNING * * *
Casting: Flame Tongue
Confirm with . or Enter, or press ? or * to list all spells.
Aiming: Flame Tongue
Press: ? - help, Shift-Dir - straight line, f/p - Sigmund
Aim: Sigmund, wielding a scythe of protection and wearing a robe (heavily wounded, fast)
The flame tongue hits Sigmund.
Sigmund appears unharmed.
Sigmund is heavily wounded.
Sigmund closely misses you. Sigmund closely misses you.
Sigmund hits you from afar with a scythe of protection.
* * * LOW HITPOINT WARNING * * *
Sigmund barely misses you.
Sigmund hits you from afar with a scythe of protection.
You die...

... #.......... ..!
####.#########
####(#########........# #
#.........##.......##.# #
#.......#.##.#.##..#
#.......#.##.#.##..## .
#.......#.##.#......#...
...(###.......#.##.#.......P.P
(.(('(.(......@.@........P....P
....###.......#.##.........?#P$
. #..........#####......## P
#.####.#.### #.#...... #.
##....# #.#....... #. #.....#
#.#.##.._. #. ##....# #...#
.... #. #..#.# #.##.#


You could see Sigmund.

Vanquished Creatures
  Natasha (twice) (D:2)
  An adder (D:2)
  A dart slug (D:2)
  A leopard gecko (D:1)
  3 giant cockroaches (D:1)
  2 goblins (D:1)
  2 hobgoblins
  2 jackals (D:1)
  A ball python (D:1)
  6 bats
  4 kobolds
  7 rats
32 creatures vanquished.

Notes
Turn   | Place    | Note
-------+----------+-------------------------------------------
     0 | D:1      | torrenera the Demigod Fire Elementalist began the quest for the Orb.
     0 | D:1      | Reached XP level 1. HP: 14/14 MP: 5/5
   156 | D:1      | Reached skill level 3 in Fire Magic
   446 | D:1      | Reached XP level 2. HP: 18/20 MP: 7/7
  1180 | D:2      | Reached XP level 3. HP: 5/26 MP: 0/9
  1181 | D:2      | Gained mutation: You are occasionally teleported next to monsters. [potion of mutation]
  1181 | D:2      | Gained mutation: You are partially covered in iridescent scales. (AC +2) [potion of mutation]
  1200 | D:2      | HP: 1/26 [poisoned by an adder]
  1677 | D:2      | Noticed Natasha
  1687 | D:2      | Killed Natasha
  1739 | D:2      | Found an ancient bone altar of Kikubaaqudgha.
  1773 | D:2      | Noticed Natasha
  1778 | D:2      | Killed Natasha
  1778 | D:2      | Reached skill level 4 in Fire Magic
  1778 | D:2      | Reached XP level 4. HP: 22/33 MP: 7/10
  1805 | D:2      | Noticed Sigmund
  1826 | D:2      | Slain by Sigmund

Skill      XL: |  1  2  3 |
---------------+----------+-----
Fire Magic     | 3 4 |  4.1
Spellcasting   | 2 |  2.7
Dodging        | |  1.7
Stealth        | |  1.7
Conjurations   | |  0.8

Action                   |  1- 3 |  4- 6 || total
-------------------------+-------+-------++-------
Melee: Short sword       |    28 |       ||    28
 Fire: Hunting sling     |     7 |     8 ||    15
 Cast: Flame Tongue      |    44 |     8 ||    52
  Use: Potion            |     4 |       ||     4
 Stab: Sleeping          |     1 |       ||     1
  Eat: Chunk             |     3 |       ||     3
Armor: Robe              |    11 |       ||    11
Dodge: Dodged            |    30 |     5 ||    35
